 Dungeon Sprint DCSS version 0.29-a0-284-gf9362112df (webtiles) character file.

Game seed: 1093270017619898592

25 mhtbhm the Vandal (level 2, -2/28 HPs)
             Began as a Minotaur Hunter on Mar 27, 2022.
             Slain by a water elemental (12 damage)
             ... in the Dungeon (Sprint III: "The Ten Rune Challenge").
             The game lasted 00:01:19 (445 turns).

mhtbhm the Vandal (Minotaur Hunter)                  Turns: 445, Time: 00:01:20

Health: -2/28      AC:  3    Str: 15    XL:     2   Next: 86%
Magic:  1/1        EV: 12    Int:  6    God:
Gold:   28         SH:  0    Dex: 13    Spells: 1/1 levels left

rFire   . . .      SeeInvis .   a - +1 hunting sling
rCold   . . .      Faith    .   (no shield)
rNeg    . . .      Spirit   .   b - +0 leather armour
rPois   .          Reflect  .   (helmet restricted)
rElec   .          Harm     .   (no cloak)
rCorr   .          Rampage  .   (no gloves)
Will    .....      Clarity  +   (no boots)
Stlth   +......... NoTele   +   (no amulet)
HPRegen 0.09/turn               (no ring)
MPRegen 0.07/turn               (no ring)

@: no status effects
A: horns 2, retaliatory headbutt, clarity, robust 1
a: no special abilities


You were in the Dungeon.
You visited 1 branch You collected 28 gold pieces.

Inventory:

Hand Weapons
 a - a +1 hunting sling (weapon)
Missiles
 k - 12 stones
Armour
 b - a +0 leather armour (worn)
Scrolls
 c - a scroll of immolation
 f - 3 scrolls of holy word {unknown}
 i - a scroll of blinking
 j - 2 scrolls of enchant weapon {unknown}
Potions
 d - a potion of curing
 e - 4 potions of mutation
 g - 2 potions of magic
 h - a potion of berserk rage
 l - 4 potions of flight


   Skills:
 + Level 3.3 Fighting
 + Level 7.3 Slings
 + Level 2.6 Dodging
 + Level 0.7 Stealth


You had one spell level left.
You didn't know any spells.
Your spell library was empty.

Dungeon Overview and Level Annotations

Branches:
Dungeon (1/1)

Altars:


Innate Abilities, Weirdness & Mutations

You have a pair of horns on your head.
You reflexively headbutt those who attack you in melee.
You possess an exceptional clarity of mind.
You are robust. (+10% HP)


Message History

The water elemental attacks as you move away!
The water elemental barely misses you. You furiously retaliate!
You headbutt the water elemental.
Blink to where?
Press: ? - help, Dir - move target, p - water elemental
As you read the scroll of blinking, it crumbles to dust.
Fire: a) +1 hunting sling
Press: ? - help, Q - select action, (/) - cycle Shift-Dir - straight line, f - water elemental
Aim: a water elemental (translocational energy, heavily damaged, 71% to hit)
You shoot a sling bullet.
The sling bullet hits the water elemental.
The water elemental is severely damaged.
Fire: a) +1 hunting sling
Press: ? - help, Q - select action, (/) - cycle Shift-Dir - straight line, f/p - water elemental
Aim: a water elemental (severely damaged, 71% to hit)
You shoot a sling bullet.
The sling bullet hits the water elemental.
The water elemental is almost destroyed.
Fire: a) +1 hunting sling
Press: ? - help, Q - select action, (/) - cycle Shift-Dir - straight line, f/p - water elemental
Aim: a water elemental (almost destroyed, 71% to hit)
You shoot a sling bullet.
The sling bullet barely misses the water elemental.
Fire: a) +1 hunting sling
Press: ? - help, Q - select action, (/) - cycle Shift-Dir - straight line, f/p - water elemental
Aim: a water elemental (almost destroyed, 71% to hit)
You shoot a sling bullet.
The sling bullet closely misses the water elemental.
Fire: a) +1 hunting sling
Press: ? - help, Q - select action, (/) - cycle Shift-Dir - straight line, f/p - water elemental
Aim: a water elemental (almost destroyed, 71% to hit)
You shoot a sling bullet.
The sling bullet barely misses the water elemental.
Fire: a) +1 hunting sling
Press: ? - help, Q - select action, (/) - cycle Shift-Dir - straight line, f/p - water elemental
Aim: a water elemental (almost destroyed, 71% to hit)
You shoot a sling bullet.
The sling bullet closely misses the water elemental.
The water elemental hits you!
You die...

▓▓▓▓▓▓▓▓▓ ▓▓▓
▓<..#...#### ##.#
▓.†.#......#####..#
▓..##.....@.#..#..#
▓##.##.##.E÷#..#..# #+#+#
##.##.###..##'#..#......
▓#.####.##..###...'.⌠....
▓.###..##..####...#...###
▓#.....##..###....# ⌠.#
###÷.##...##.....# .#
##..##....#......# #
#..###..##.#.....#


You could see a water elemental.

Vanquished Creatures
  A human (D)
  A phantom (D)
  An endoplasm (D)
  3 rats (D)
6 creatures vanquished.

Notes
Turn   | Place    | Note
-------+----------+-------------------------------------------
     0 | D        | mhtbhm the Minotaur Hunter began the quest for the Orb.
     0 | D        | Reached XP level 1. HP: 18/18 MP: 0/0
    13 | D        | Reached skill level 5 in Slings
    92 | D        | Reached skill level 7 in Slings
    92 | D        | Reached XP level 2. HP: 26/26 MP: 1/1
   399 | D        | Noticed a water elemental
   415 | D        | Gained mutation: You are robust. (+10% HP) [potion of
                  | mutation]
   415 | D        | Gained mutation: You possess an exceptional clarity of
                  | mind. [potion of mutation]
   445 | D        | Slain by a water elemental

Illustrated notes

Levels and vault maps discovered:
D:        dungeon_sprint_mu [sprint_mu_entry_cave, sprint_mu_temple_rooms,
          sprint_mu_d1_horrors, sprint_mu_d2_genie, sprint_mu_d3_branching,
          sprint_mu_orc_legion, sprint_mu_elf_gauntlet, sprint_mu_hive_nellie,
          sprint_mu_lair_fedhas, sprint_mu_vaults_butterflies,
          sprint_mu_slime_circle, sprint_mu_swamp_cave, sprint_mu_snake_twists,
          sprint_mu_blade_basic, sprint_mu_crypt_fortress,
          sprint_mu_tomb_spiral, sprint_mu_vestibule_basic,
          sprint_mu_gehenna_hellfire, sprint_mu_dis_giant,
          sprint_mu_tartarus_statrot, sprint_mu_cocytus_islands, sprint_mu_zot1]

Skill      XL: |  1 |
---------------+----+-----
Slings         | 7 |  7.3
Fighting       | 3 |  3.3
Dodging        | |  2.6
Stealth        | |  0.7

Action                   || total
-------------------------++-------
 Fire: Hunting sling     ||    38
  Use: Potion            ||     3
       Scroll            ||     1
Armor: Leather armour    ||     5
Dodge: Dodged            ||     7

Table legend: (Time is in decaauts)
 A = Elapsed time spent in this place.
 B = Non-inter-level travel time spent in this place.
 C = Inter-level travel time spent in this place.
 D = Time resting spent in this place.
 E = Time spent auto-exploring this place.
 F = Levels seen in this place.
 G = Mean time per level.
                   A        B        C        D        E       F      G
               +--------+--------+--------+--------+--------+-----+--------+
         Total |    439 |    439 |      0 |    205 |    133 |   1 |  439.0 |
       Dungeon |    439 |    439 |      0 |    205 |    133 |   1 |  439.0 |
               +--------+--------+--------+--------+--------+-----+--------+

Top non-repeatable levels by time:
       D: 439 daAuts
